 Dungeon Crawl Stone Soup version 0.29.1-15-g9cfb28693d (webtiles) character file.

Game seed: 14834144985867324884

1372 McKennaii the Digger (level 8, -6/57 HPs)
             Began as a Demigod Earth Elementalist on Feb 25, 2023.
             Killed from afar by a steam dragon (24 damage)
             ... with a ball of steam
             ... on level 8 of the Dungeon.
             The game lasted 00:05:46 (6542 turns).

McKennaii the Digger (Demigod Earth Elementalist)   Turns: 6542, Time: 00:05:47

Health: -6/57      AC: 11    Str: 16    XL:     8   Next: 16%
Magic:  10/20      EV: 11    Int: 25    God:
Gold:   420        SH:  5    Dex: 14    Spells: 15/19 levels left

rFire   x . .      SeeInvis .   f - +6 falchion "Zyussiul" {venom, rPois Will++ Str+7}
rCold   . . .      Faith    .   (no shield)
rNeg    + . .      Spirit   .   v - +5 ring mail of the Squeaky God {rF- Will++}
rPois   +          Reflect  +   (no helmet)
rElec   .          Harm     .   (no cloak)
rCorr   .          Rampage  .   k - +0 pair of gloves
Will    ++++.                   (no boots)
Stlth   +.........              c - amulet of reflection
HPRegen 0.19/turn               t - ring of flight
MPRegen 0.17/turn               h - ring of positive energy

@: flying, very slightly contaminated
A: high MP 1, forlorn, divine attributes
a: no special abilities


You were on level 8 of the Dungeon.
You visited 1 branch of the dungeon, and saw 8 of its levels.

You collected 420 gold pieces.

Inventory:

Hand Weapons
 f - the +6 falchion "Zyussiul" (weapon) {venom, rPois Will++ Str+7}
   (You found it on level 2 of the Dungeon)

   It poisons the flesh of those it strikes.
   Str:       It affects your strength (+7).
   rPois:     It protects you from poison.
   Will:      It greatly increases your willpower.
Missiles
 o - a throwing net
Armour
 k - a +0 pair of gloves (worn)
 v - the +5 ring mail of the Squeaky God (worn) {rF- Will++}
   (You found it on level 5 of the Dungeon)

   rF:        It makes you vulnerable to fire.
   Will:      It greatly increases your willpower.
Jewellery
 c - an amulet of reflection (around neck)
 h - a ring of positive energy (right hand)
 t - a ring of flight (left hand)
 w - a ring of positive energy
Wands
 y - a wand of charming (5)
Scrolls
 a - 2 scrolls of noise
 d - 3 scrolls of teleportation
 e - a scroll of silence {unknown}
 l - a scroll of immolation {unknown}
 n - 2 scrolls of blinking {unknown}
 s - a scroll of summoning {unknown}
 x - a scroll of enchant armour {unknown}
Potions
 b - a potion of magic
 i - 3 potions of might
 m - 2 potions of curing
 p - a potion of ambrosia {unknown}
 q - a potion of resistance
 r - a potion of degeneration {unknown}
 u - a potion of berserk rage {unknown}


   Skills:
 + Level 2.5 Armour
 - Level 1.7 Dodging
 - Level 1.7 Stealth
 + Level 6.0 Spellcasting
 - Level 0.8 Transmutations
 + Level 6.9 Earth Magic


You had 15 spell levels left.
You knew the following spells:

 Your Spells              Type           Power      Damage    Failure   Level
a - Sandblast             Erth           84%        2d18      1%          1
b - Stone Arrow           Conj/Erth      50%        3d10      10%         3

Your spell library contained the following spells:

 Spells                   Type           Power      Damage    Failure   Level
 Passwall                 Tmut/Erth      22%        N/A       4%          2
 Necrotise                Necr           28%        1d5       14%         1
 Petrify                  Tmut/Erth      27%        N/A       26%         4
 Ignite Poison            Fire/Tmut/Pois 9%         N/A       36%         3
 Conjure Flame            Conj/Fire      7%         6-21      38%         3
 Portal Projectile        Hex/Tloc       14%        N/A       38%         3
 Tukima's Dance           Hex            7%         N/A       38%         3
 Vampiric Draining        Necr           7%         2d6       38%         3
 Sticky Flame             Conj/Fire      7%         2d3       80%         4
 Blade Hands              Tmut           5%         N/A       95%         5
 Agony                    Necr           7%         N/A       98%         5


Dungeon Overview and Level Annotations

Branches:
Dungeon (9/15)             Temple (0/1) D:4
   Lair: D:8-11         Orc: D:9-12

Shops:
D:4 =


Innate Abilities, Weirdness & Mutations

You have an increased reservoir of magic. (+10% MP)
You shall have no god before yourself.
Your divine heritage dramatically boosts your attributes as you level up.


Message History

A steam dragon comes into view.
You start waiting.
A steam dragon is nearby!
The blast of sand hits the steam dragon.
The steam dragon is moderately wounded.
The steam dragon breathes steam at you. The ball of steam hits you!!
The steam scalds you terribly!
Casting: Sandblast (safe; 1% risk of failure)
Confirm with . or Enter, or press ? or * to list all spells.
Aiming: Stone Arrow (dangerous; 10% risk of failure)
Press: ? - help, Shift-Dir - straight line, f/p - steam dragon
Aim: a steam dragon (moderately wounded, 71% to hit)
You miscast Stone Arrow.
You are very lightly contaminated with residual magic.
Nothing appears to happen.
You are engulfed in a cloud of scalding steam.
The steam dragon bites you but does no damage.
You block the steam dragon's attack.
Casting: Stone Arrow (dangerous; 10% risk of failure)
Confirm with . or Enter, or press ? or * to list all spells.
Aiming: Stone Arrow (dangerous; 10% risk of failure)
Press: ? - help, Shift-Dir - straight line, f/p - steam dragon
Aim: a steam dragon (lightly wounded, 71% to hit)
The stone arrow hits the steam dragon!
The steam dragon is severely wounded.
You are engulfed in a cloud of scalding steam.
The steam dragon bites you.
* * * LOW HITPOINT WARNING * * *
The steam dragon barely misses you.
Unknown command.
Casting: Stone Arrow (dangerous; 10% risk of failure)
Confirm with . or Enter, or press ? or * to list all spells.
Aiming: Stone Arrow (dangerous; 10% risk of failure)
Press: ? - help, Shift-Dir - straight line, f/p - steam dragon
Aim: a steam dragon (severely wounded, 71% to hit)
The stone arrow hits the steam dragon!
The steam dragon is almost dead.
The steam dragon breathes steam at you. The ball of steam hits you!!
The steam scalds you terribly!
You die...

########
#######..#...### .
#....#.........##....
#....##......>.[.....
#...............#...
#..D.......#....#
#..#@......#...#..
#...##ยง.....#.####...
.D.. #......... .#.
..... ..##.##.#. #...
..###.# .#. .... .. ..
. .


You could see a steam dragon (catching breath).

Vanquished Creatures
  Grinder (D:3)
  2 sky beasts (D:6)
  A black bear (D:6)
  An ogre (D:5)
  A bullfrog (D:6)
  2 phantoms
  A scorpion (D:5)
  A necrophage (D:5)
  A hound (D:5)
  6 iguanas
  Natasha (thrice) (D:3)
  2 orc wizards (D:6)
  4 gnolls (D:5)
  6 adders
  3 worms
  5 dart slugs
  8 orcs
  3 ball pythons
  2 endoplasms
  3 giant cockroaches
  7 goblins
  8 hobgoblins
  4 quokkas
  7 bats
  5 frilled lizards
  9 kobolds
  7 rats
103 creatures vanquished.

Notes
Turn   | Place    | Note
-------+----------+-------------------------------------------
     0 | D:1      | McKennaii the Demigod Earth Elementalist began the quest
                  | for the Orb.
     0 | D:1      | Reached XP level 1. HP: 14/14 MP: 5/5
   386 | D:1      | Reached XP level 2. HP: 20/20 MP: 2/7
   856 | D:2      | Identified the +6 falchion "Zyussiul" {venom, rPois Will++
                  | Str+7}
  1092 | D:2      | Reached XP level 3. HP: 22/26 MP: 5/9
  1992 | D:3      | Noticed Natasha
  1994 | D:3      | Killed Natasha
  1999 | D:3      | Learned a level 3 spell: Stone Arrow
  2028 | D:3      | Reached XP level 4. HP: 33/33 MP: 9/11
  2047 | D:3      | Noticed Grinder
  2052 | D:3      | Killed Grinder
  2053 | D:3      | Reached XP level 5. HP: 17/38 MP: 6/13
  2423 | D:3      | Noticed Natasha
  2425 | D:3      | Killed Natasha
  2501 | D:3      | Noticed Natasha
  2505 | D:3      | Killed Natasha
  2506 | D:3      | Reached XP level 6. HP: 43/45 MP: 11/15
  2536 | D:3      | Reached skill level 5 in Earth Magic
  3406 | D:4      | Found Pustos's Jewellery Emporium.
  3449 | D:4      | Identified the +6 dagger "Senen" {drain, rPois Str+3 Dex-4}
  3683 | D:4      | Found a staircase to the Ecumenical Temple.
  3901 | D:5      | Entered Level 5 of the Dungeon
  4373 | D:5      | Reached XP level 7. HP: 35/50 MP: 13/17
  4377 | D:5      | Reached skill level 5 in Spellcasting
  5078 | D:5      | Identified the +5 ring mail of the Squeaky God {rF- Will++}
  5533 | D:6      | Reached skill level 1 in Armour
  5962 | D:6      | Reached XP level 8. HP: 57/57 MP: 15/20
  6507 | D:6      | You are sucked into a shaft and drop 3 floors!
  6542 | D:8      | Killed from afar by a steam dragon

Illustrated notes

Levels and vault maps discovered:
D:1:      spicycebolla_green_bress_n_ham, layout_rooms
D:2:      layout_loops_ring
D:3:      layout_basic, nemelex_diamond_rough_becter, st_stairs_11,
          minmay_fractal_squares_5, uniq_natasha, uniq_grinder
D:4:      layout_gridville, mainiacjoe_overflow_alcove_1, temple_statues,
          serial_shops, shop, kennysheep_generic_room_3
D:5:      layout_basic, kennysheep_small_square
D:6:      layout_basic, solitary_fountain, minmay_misc_feat_iff,
          minmay_hedge_maze, water_boxes_lemuel
D:8:      layout_cave_pools, nicolae_overflow_hidden_temple, lair_entry_dummy,
          serial_nicolae_subway, nicolae_sub_station_metal,
          nicolae_sub_station_crystal, nicolae_sub_station_stone,
          uniq_gastronok, uniq_prince_ribbit1
D:9:      lemuel_ice_spiral_2, layout_basic, trog_hazing_becter

Skill      XL: |  1  2  3  4  5  6  7  8 |
---------------+-------------------------+-----
Spellcasting   | 2 3 4 5 6 |  6.0
Earth Magic    | 3 4 5 6 |  6.9
Armour         | 2 |  2.5
Dodging        | |  1.7
Stealth        | |  1.7
Transmutations | |  0.8

Action                   |  1- 3 |  4- 6 |  7- 9 || total
-------------------------+-------+-------+-------++-------
Melee: Unarmed           |     7 |       |       ||     7
       Punch             |     1 |       |       ||     1
       Falchion          |     9 |    12 |    18 ||    39
 Cast: Sandblast         |    61 |    56 |    41 ||   158
       Stone Arrow       |       |       |    11 ||    11
  Use: Potion            |     1 |       |       ||     1
       Scroll            |       |       |     6 ||     6
Armor: Robe              |     9 |     3 |       ||    12
       Ring mail         |       |       |    18 ||    18
Dodge: Dodged            |    33 |    18 |    14 ||    65
Block: Other             |     1 |     6 |     7 ||    14
